 Dungeon Crawl Stone Soup version 0.16-a0-3873-g452e4d5 (webtiles) character file.

658 PolkaDot the Sneak (level 7, -1/72 HPs)
             Began as a Vampire Summoner on Feb 1, 2015.
             Slain by an iguana (15 damage)
             ... on level 6 of the Dungeon.
             The game lasted 00:13:47 (4993 turns).

PolkaDot the Sneak (Vampire Summoner)               Turns: 4993, Time: 00:13:47

Health: -1/72      AC:  5    Str: 12    XL:     7   Next: 29%
Magic:  12/12      EV: 13    Int: 19    God:
Gold:   231        SH:  0    Dex: 14    Spells: 3 memorised, 1 level left

rFire  . . .     SeeInvis +     p - +3 quarterstaff (chaos)
rCold  + . .     Clarity  .     k - +1 robe
rNeg   . . .     SustAb   .     (no shield)
rPois  .         Gourm    .     (no helmet)
rElec  .         Spirit   .     q - +1 cloak
rCorr  .         Warding  .     (no gloves)
rMut   .         Stasis   .     (no boots)
MR     .....                    s - amulet of regeneration
Stlth  ..........               (no ring)
                                i - ring of protection from cold

@: berserking, regenerating quickly, very quick, not resistant to hostile
enchantments, extremely unstealthy
A: bottle blood, fangs 3, see invisible, unbreathing
a: no special abilities


You were on level 6 of the Dungeon.
You were very full.

You visited 2 branches of the dungeon, and saw 7 of its levels.

You collected 231 gold pieces.

Inventory:

Hand weapons
 p - a +3 quarterstaff of chaos (weapon)
Armour
 k - a +1 robe (worn)
 q - a +1 cloak (worn)
Jewellery
 i - a ring of protection from cold (left hand)
 s - an amulet of regeneration (around neck)
Magical devices
 h - a wand of teleportation (5)
Scrolls
 a - a scroll of noise {unknown}
 c - a scroll of recharging
 e - a scroll of enchant armour
 f - 2 scrolls of teleportation
 g - 4 scrolls of remove curse
 l - a scroll of fear
 r - 2 scrolls of blinking
 t - a scroll of random uselessness {unknown}
 u - 3 scrolls of amnesia
Potions
 j - a potion of flight
 m - 2 potions of brilliance {unknown}
 n - 2 potions of might
 o - a potion of berserk rage
Books
 b - a book of Callings

   Spells                             Type                      Level
   a - Summon Small Mammal            Summoning                    1
   b - Call Imp                       Summoning                    2
   c - Call Canine Familiar           Summoning                    3
   d - Summon Guardian Golem          Hexes/Summoning              4
   e - Summon Lightning Spire         Summoning/Air                4
   f - Summon Ice Beast               Ice/Summoning                4
 d - a book of Flames

   Spells                             Type                      Level
   a - Flame Tongue                   Conjuration/Fire             1
   b - Throw Flame                    Conjuration/Fire             2
   c - Conjure Flame                  Conjuration/Fire             3
   d - Inner Flame                    Hexes/Fire                   3
   e - Sticky Flame                   Conjuration/Fire             4
   f - Fireball                       Conjuration/Fire             5


   Skills:
 - Level 1.0 Fighting
   Level 2.0 Short Blades
 * Level 3.8 Staves
 + Level 2.5 Dodging
 - Level 6.1 Stealth
 - Level 2.0 Spellcasting
 + Level 5.9 Summonings


You had one spell level left.
You knew the following spells:

 Your Spells              Type           Power        Failure   Level  Hunger
d - Call Canine Familiar  Summ           ###.....     6%          3    ###....
i - Summon Ice Beast      Ice/Summ       ##......     63%         4    #####..
s - Call Imp              Summ           ###.....     2%          2    ###....


Dungeon Overview and Level Annotations

Branches:
Dungeon (6/15)             Temple (1/1) D:5

Altars:
Ashenzari
Cheibriados
Dithmenos
Fedhas
Gozag
Kikubaaqudgha
Okawaru
Zin


Innate Abilities, Weirdness & Mutations

Your natural rate of healing is unusually fast.
You can bottle blood from corpses.
You have razor-sharp teeth.
You have supernaturally acute eyesight.
You can survive without breathing.


Message History

You hit the iguana but do no damage.
The iguana flickers and vanishes for a moment.
The iguana is lightly wounded.
The iguana closely misses you.
You hit the iguana.
The iguana is moderately wounded.
The iguana bites you!
* * * LOW HITPOINT WARNING * * *
You hit the iguana. You freeze the iguana. You bite the iguana.
The iguana is severely wounded.
The iguana misses you.
You hit the iguana.
The iguana jerks violently for a moment.
The iguana is severely wounded.
The iguana bites you!
* * * LOW HITPOINT WARNING * * *
Drink which item? (? for menu, Esc to quit)
A red film seems to cover your vision as you go berserk!
You feel yourself moving faster!
You feel mighty! The iguana bites you!
You die...

#........#+##
#....##'##..#
+###....#......#
.........'......+ .
.........#......# ...
.........##'###+#....
.....#+###..#.....#
... #......#.....+ .
+......'@l...#
########.....#
...#+## ....# +....+
#....# ..#+## ...


You could see an iguana (invisible).

Vanquished Creatures
  A centaur (D:4)
  A water moccasin skeleton (D:4)
  A crimson imp (D:5)
  2 orc priests
  2 worker ants
  Jessica (D:2)
  An adder (D:5)
  3 worms
  2 oozes
  8 orcs
  2 bat skeletons
  6 giant cockroaches
  8 hobgoblins
  A jackal (D:4)
  2 quokkas
  9 bats
  5 giant newts
  6 goblins
  12 kobolds
  14 rats
87 creatures vanquished.

Vanquished Creatures (collateral kills)
  The ghost of soonmide the Covered, an average FoFi of Qazlal (D:4)
  Sigmund (D:3)
  A giant frog (D:3)
  Crazy Yiuf (D:2)
  An orc priest (D:4)
  A worker ant (D:4)
  A goblin (D:1)
  2 jackals (D:4)
  A bat (D:1)
10 creatures vanquished.

Vanquished Creatures (others)
  3 hounds
  A quokka (D:2)
4 creatures vanquished.

Grand Total: 101 creatures vanquished

Notes
Turn   | Place    | Note
--------------------------------------------------------------
     0 | D:1      | PolkaDot, the Vampire Summoner, began the quest for the Orb.
     0 | D:1      | Reached XP level 1. HP: 13/13 MP: 3/3
   852 | D:1      | Reached skill level 1 in Fighting
  1022 | D:1      | Reached XP level 2. HP: 19/21 MP: 4/4
  1515 | D:2      | Noticed Jessica
  1528 | D:2      | Killed Jessica
  1528 | D:2      | Reached skill level 1 in Short Blades
  1528 | D:2      | Reached XP level 3. HP: 17/26 MP: 6/6
  1631 | D:2      | Learned a level 2 spell: Call Imp
  1635 | D:2      | Learned a level 3 spell: Call Canine Familiar
  1861 | D:2      | Found an opulent altar of Gozag.
  2256 | D:2      | Found an iron altar of Okawaru.
  2412 | D:2      | Noticed Crazy Yiuf
  2429 | D:2      | Killed Crazy Yiuf
  2429 | D:2      | Reached XP level 4. HP: 32/32 MP: 0/7
  2982 | D:3      | Noticed Sigmund
  2993 | D:3      | Killed Sigmund
  2993 | D:3      | Reached skill level 1 in Staves
  2993 | D:3      | Reached XP level 5. HP: 10/37 MP: 1/9
  3366 | D:3      | Reached skill level 5 in Summonings
  3565 | D:3      | Noticed a giant frog
  3574 | D:3      | Killed a giant frog
  3663 | D:4      | Noticed soonmide's ghost (average FoFi)
  3673 | D:4      | Reached skill level 5 in Stealth
  3691 | D:4      | Killed soonmide's ghost
  3691 | D:4      | Reached XP level 6. HP: 37/43 MP: 3/10
  4021 | D:4      | Noticed a centaur
  4031 | D:4      | Killed a centaur
  4031 | D:4      | Reached skill level 6 in Stealth
  4031 | D:4      | Reached XP level 7. HP: 33/48 MP: 12/12
  4289 | D:5      | Entered Level 5 of the Dungeon
  4390 | D:5      | Learned a level 4 spell: Summon Ice Beast
  4569 | D:5      | Found an opulent altar of Gozag.
  4609 | D:5      | Found a staircase to the Ecumenical Temple.
  4618 | Temple   | Entered the Ecumenical Temple
  4993 | D:6      | Slain by an iguana

Action                   |  1- 3 |  4- 6 |  7- 9 || total
-------------------------+-------+-------+-------++-------
Melee: Dagger            |   143 |       |       ||   143
       Unarmed           |    10 |       |       ||    10
       Short sword       |    20 |   120 |       ||   140
       Quarterstaff      |       |       |    50 ||    50
 Cast: Summon Small Mamm |    10 |       |       ||    10
       Call Imp          |     4 |    11 |       ||    15
       Call Canine Famil |     1 |     7 |       ||     8
  Use: Scroll            |     3 |     1 |     7 ||    11
       Potion            |     1 |     6 |     1 ||     8
 Stab: Sleeping          |     4 |     7 |     8 ||    19
       Distracted        |     1 |     4 |       ||     5
  Eat: Corpse            |    12 |     9 |     6 ||    27
